 Dungeon Crawl Stone Soup version 0.19-a0-158-gdcc5c43 (webtiles) character file.

215 GlassEater the Sneak (level 6, -2/38 HPs)
             Began as a Kobold Assassin on May 20, 2016.
             Slain by a jackal (3 damage)
             ... on level 3 of the Dungeon.
             The game lasted 00:04:27 (1874 turns).

GlassEater the Sneak (Kobold Assassin)              Turns: 1874, Time: 00:04:28

Health: -2/38      AC:  3    Str: 10    XL:     6   Next: 15%
Magic:  6/6        EV: 16    Int:  9    God:
Gold:   62         SH:  0    Dex: 19    Spells: 0 memorised, 5 levels left

rFire  . . .     SeeInvis .     a - +2 dagger
rCold  . . .     Gourm    .     s - +0 robe {MR+}
rNeg   . . .     Faith    .     (shield restricted)
rPois  .         Spirit   .     (no helmet)
rElec  .         Dismiss  .     d - +0 cloak
rCorr  .         Reflect  .     (no gloves)
SustAt .         Harm     .     (no boots)
MR     +....                    (no amulet)
Stlth  ++++......               (no ring)
                                (no ring)

@: somewhat resistant to hostile enchantments, stealthy
A: carnivore 3
a: no special abilities


You were on level 3 of the Dungeon.
You were completely stuffed.

You visited 1 branch of the dungeon, and saw 3 of its levels.

You collected 62 gold pieces.

Inventory:

Hand Weapons
 a - a +2 dagger (weapon)
 b - a +0 blowgun
Missiles
 e - 4 poisoned needles
 f - 2 curare-tipped needles
Armour
 d - a +0 cloak (worn)
 s - a +0 robe of magic resistance (worn)
Wands
 r - a wand of flame (20/48)
Scrolls
 c - a scroll of remove curse {unknown}
 h - a scroll of random uselessness {unknown}
 j - a scroll of recharging {unknown}
 k - a scroll of teleportation {unknown}
 m - 2 scrolls of identify {unknown}
 n - a scroll of enchant weapon {unknown}
 o - a scroll of magic mapping {unknown}
 p - a scroll of fear {unknown}
Potions
 i - a potion of cure mutation {unknown}
 l - 2 potions of curing {unknown}
Comestibles
 g - a meat ration
 q - a royal jelly
 t - 2 chunks of flesh


   Skills:
 + Level 3.7 Fighting
 + Level 4.6 Short Blades
 - Level 2.1 Throwing
 + Level 3.0 Dodging
 + Level 6.9 Stealth


You had 5 spell levels left.
You didn't know any spells.

Dungeon Overview and Level Annotations

Branches:
Dungeon (3/15)

Altars:


Innate Abilities, Weirdness & Mutations

You are small and have problems with some larger weapons.
You are carnivorous and can eat meat at any time.


Message History

You hit the worm.
You kill the worm!
You hit the jackal.
The jackal is almost dead.
The jackal bites you.
* * * LOW HITPOINT WARNING * * *
The jackal closely misses you.
You closely miss the jackal.
The jackal is severely wounded.
The jackal misses you.
You hit the jackal.
You kill the jackal!
You barely miss the jackal.
The jackal barks!
You closely miss the jackal. The jackal bites you.
* * * LOW HITPOINT WARNING * * *
You hit the jackal.
The jackal is heavily wounded.
The jackal bites you.
You die...

###############
########hh@.......)..#
h......†(##########.##
h........#<.......#.#
..(......########.#.#
.........# #.#.#
....(....# #.#.#
#.######[# #.#.# # #.#
#.#.# #.# #.#.#


You could see 2 jackals.

Vanquished Creatures
  Sigmund (D:2)
  An adder (D:2)
  A worm (D:3)
  2 dart slugs (D:1)
  3 giant geckos
  3 bats
  5 goblins
  7 hobgoblins
  4 jackals
  4 kobolds
  A quokka (D:2)
  2 giant newts (D:1)
  4 rats
38 creatures vanquished.

Notes
Turn   | Place    | Note
--------------------------------------------------------------
     0 | D:1      | GlassEater the Kobold Assassin began the quest for the Orb.
     0 | D:1      | Reached XP level 1. HP: 12/12 MP: 1/1
    86 | D:1      | Reached XP level 2. HP: 16/18 MP: 2/2
   861 | D:2      | Reached XP level 3. HP: 10/22 MP: 3/3
  1305 | D:2      | Noticed Sigmund
  1308 | D:2      | Killed Sigmund
  1308 | D:2      | Reached skill level 6 in Stealth
  1308 | D:2      | Reached XP level 4. HP: 28/28 MP: 4/4
  1308 | D:2      | Reached XP level 5. HP: 32/32 MP: 5/5
  1450 | D:2      | Reached XP level 6. HP: 37/37 MP: 6/6
  1873 | D:3      | HP: 1/38 [jackal (2)]
  1874 | D:3      | Slain by a jackal

Vault maps used:
D:1:      dpeg_arrival_renting, hangedman_decor_slide_cut
D:2:      first_bread, uniq_sigmund
D:3:      ecumenical_altar_1, kennysheep_path_1, uniq_natasha, uniq_jessica,
          uniq_grinder

Skill      XL: |  1  2  3 |
---------------+----------+-----
Short Blades   | 3 4 |  4.6
Fighting       | 3 |  3.7
Dodging        | 3 |  3.0
Stealth        | 6 |  6.9
Throwing       | |  2.1

Action                   |  1- 3 |  4- 6 || total
-------------------------+-------+-------++-------
Melee: Dagger            |    77 |    54 ||   131
 Fire: Blowgun           |       |     4 ||     4
 Stab: Sleeping          |     7 |     3 ||    10
  Eat: Chunk             |    10 |     1 ||    11
Armor: Robe              |     7 |     5 ||    12
Dodge: Dodged            |    56 |    33 ||    89
